Map: [ESL] Cosmic Sapphire

Players

Erik

  • Race: Zerg Zerg
  • Spawn Location: 5:00

eGGz - Winner!

  • Race: Zerg Zerg
  • Spawn Location: 11:00

Event: DreamHack SC2 Masters 2022 Atlanta (Online)

VOD

Have the link to the VOD?

Description

Time

  • Played on: Sept. 28, 2022, 4:36 p.m.
  • Length: 19:38

All games in this series

Show
View Real Time Build Order
Export as new Build Order

Erik Zerg 

Build Orders: Hatch First 

Get SALT Encoding   

  12  0:00  Drone  
  13  0:08  Drone  
  14  0:15  Drone, Extractor  
  15  0:36  Hatchery  
  15  0:41  Extractor  
  15  0:42  Drone  
  14  0:47  Overlord  
  15  1:03  Spawning Pool  
  14  1:05  Drone  
  14  1:09  Drone  
  16  1:12  Drone  
  16  1:17  Drone  
  18  1:19  Extractor  
  17  1:28  Drone  
  18  1:38  Drone  
  19  1:50  Zergling x2, Queen x2  
  19  1:52  Drone  
  25  1:59  Zergling x2  
  25  2:00  Zergling x2  
  27  2:10  Overlord  
  27  2:12  Overlord  
  27  2:20  Drone  
  28  2:24  Metabolic Boost  
  28  2:29  Drone  
  29  2:31  Drone  
  29  2:36  Drone  
  31  2:42  Drone  
  31  2:43  Drone  
  33  2:49  Roach Warren  
  32  2:53  Overlord  
  32  2:55  Drone  
  33  3:00  Extractor  
  33  3:04  Drone  
  33  3:07  Drone x4  
  33  3:10  Overlord  
  37  3:29  Roach x3  
  43  3:35  Roach x3  
  43  3:38  Roach x2  
  53  3:41  Overlord  
  53  3:50  Zergling x8  
  53  3:55  Overlord  
  57  4:06  Zergling x4  
  57  4:07  Zergling x2  
  57  4:22  Evolution Chamber  
  57  4:23  Lair  
  55  4:25  Drone x5  
  55  4:30  Extractor  
  59  4:40  Drone x6, Extractor  
  64  4:49  Zerg Missile Weapons Level 1  
  64  4:54  Overlord  
  64  5:03  Drone  
  64  5:04  Drone  
  64  5:08  Drone x2  
  64  5:14  Drone x3  
  64  5:15  Drone x2  
  67  5:21  Baneling Nest  
  67  5:25  Spire  
  67  5:27  Glial Reconstitution  
  65  5:29  Roach x4  
  73  5:38  Roach  
  73  5:39  Overlord x2  
  75  5:55  Overlord  
  75  5:56  Zergling x2  
  76  5:57  Zergling x10  
  81  6:05  Zergling x2  
  81  6:06  Zergling x4  
  81  6:08  Zergling x2  
  85  6:16  Baneling x2  
  85  6:21  Zergling x2  
  85  6:22  Zergling x8  
  85  6:23  Evolution Chamber  
  89  6:29  Evolution Chamber  
  89  6:32  Baneling x5  
  89  6:33  Baneling x2  
  89  6:42  Mutalisk x5  
  91  6:58  Mutalisk x2  
  91  7:00  Zergling x4  
  81  7:13  Mutalisk x2  
  74  7:25  Mutalisk  
  74  7:27  Zergling x8  
  80  7:46  Hatchery  
  80  7:49  Mutalisk x2  
  83  7:51  Overlord x3  
  83  7:52  Overlord x2  
  77  8:10  Mutalisk x3  
  77  8:16  Zergling x4  
  79  8:20  Zerg Flyer Armor Level 1  
  79  8:21  Spore Crawler  
  79  8:24  Spore Crawler  
  77  8:30  Mutalisk  
  75  8:39  Roach x4  
  73  8:47  Roach  
  73  8:48  Roach x4  
  79  8:50  Zergling x2  
  79  8:51  Queen  
  75  9:03  Roach  
  75  9:04  Roach  
  75  9:09  Tunneling Claws  
  73  9:23  Burrow  
  71  9:27  Queen, Roach  
  71  9:28  Roach x2  
  71  9:29  Zergling x2  
  71  9:30  Zergling x4, Hatchery  
  81  9:38  Roach x2  
  84  9:54  Roach x5  
  88  10:11  Roach x8  
  102  10:28  Roach x5  
  88  10:41  Infestation Pit  
  81  10:46  Roach x4  
  81  10:56  Roach x12  
  79  11:10  Spore Crawler  
  78  11:13  Spore Crawler  
  77  11:27  Pathogen Glands, Queen  
  77  11:28  Queen  
  77  11:45  Spore Crawler, Drone x3  
  79  11:49  Spore Crawler  
  78  12:01  Infestor  
  78  12:02  Infestor  
  78  12:03  Queen, Infestor  
  80  12:10  Infestor  
  80  12:14  Infestor x3  
  80  12:22  Infestor x2  
  84  12:36  Spore Crawler  
  79  12:53  Infestor x3  
  83  13:10  Queen  
  85  13:18  Hatchery  
  84  13:22  Queen  
  86  13:38  Roach x2  
  86  13:39  Roach  
  86  13:40  Roach x3  
  86  13:44  Hatchery  
  85  13:55  Drone x8  
  90  13:59  Roach x3  
  80  14:12  Infestor x2  
  74  14:26  Infestor x3  
  74  14:30  Spore Crawler  
  73  14:32  Spore Crawler  
  72  14:45  Roach x9  
  68  15:13  Roach  
  54  15:22  Infestor x2  
  54  15:23  Roach x3  
  54  15:27  Queen  
  54  15:28  Queen  
  62  15:30  Hatchery  
  62  15:34  Spore Crawler  
  58  15:37  Spore Crawler  
  58  15:40  Infestor  
  59  15:46  Roach x4  
  67  16:01  Spore Crawler, Roach x3  
  72  16:04  Roach  
  74  16:13  Roach  
  76  16:30  Spore Crawler  
  76  16:32  Spore Crawler  
  74  16:42  Hatchery  
  74  16:50  Hatchery  
  74  16:52  Roach x2  
  77  17:09  Infestor x2  
  81  17:18  Drone x2  
  83  17:27  Drone  
  82  17:34  Drone x2  
  82  17:36  Drone  
  85  17:45  Extractor  
  84  18:04  Drone x3  
  87  18:21  Roach x4  
  87  18:23  Roach x10  
  87  18:41  Roach  
  87  18:42  Roach x4  
  72  19:00  Roach  
  72  19:01  Roach  
Show
View Real Time Build Order
Export as new Build Order

eGGz Zerg - Winner!

Build Orders: Pool First 

Get SALT Encoding   

  12  0:01  Drone  
  13  0:12  Overlord  
  13  0:17  Drone  
  14  0:31  Drone x2  
  16  0:40  Spawning Pool  
  15  0:44  Drone  
  15  0:47  Drone  
  17  1:08  Hatchery  
  17  1:11  Drone  
  17  1:17  Drone  
  18  1:25  Extractor  
  17  1:27  Queen  
  17  1:28  Zergling x2  
  17  1:32  Zergling x2  
  21  1:40  Overlord  
  21  1:51  Drone  
  22  2:00  Drone  
  23  2:05  Queen  
  25  2:18  Drone  
  26  2:30  Overlord  
  26  2:31  Metabolic Boost, Drone  
  26  2:34  Queen  
  26  2:35  Drone  
  29  2:37  Drone x2  
  29  2:41  Overlord  
  31  2:49  Overlord  
  31  2:50  Drone  
  32  3:00  Drone  
  32  3:01  Drone x2  
  35  3:06  Evolution Chamber  
  34  3:15  Zergling x6  
  34  3:17  Roach Warren  
  34  3:18  Zergling x2  
  38  3:20  Zergling x2  
  38  3:25  Zergling x4  
  40  3:30  Drone  
  41  3:37  Zerg Melee Weapons Level 1, Overlord  
  41  3:42  Overlord  
  41  3:47  Zergling x6  
  44  3:52  Zergling x8  
  48  3:58  Zergling x2  
  49  4:08  Drone x2  
  49  4:11  Drone  
  49  4:15  Drone x3  
  51  4:18  Drone  
  51  4:26  Extractor  
  51  4:27  Drone  
  51  4:31  Drone  
  52  4:34  Extractor  
  52  4:35  Lair, Extractor  
  52  4:37  Drone  
  51  4:39  Drone  
  51  4:45  Drone x3  
  55  4:49  Drone  
  55  4:51  Drone  
  57  4:54  Zergling x6  
  57  4:59  Queen  
  57  5:10  Drone  
  57  5:11  Drone  
  57  5:14  Drone x2  
  57  5:18  Overlord  
  57  5:19  Drone  
  59  5:21  Drone  
  60  5:32  Drone  
  61  5:35  Spire  
  61  5:40  Drone x2  
  62  5:46  Drone x2  
  63  6:06  Drone  
  63  6:07  Drone, Overlord  
  65  6:23  Roach x9  
  83  6:29  Evolution Chamber  
  82  6:33  Roach x3  
  88  6:47  Mutalisk  
  88  6:49  Overlord  
  88  6:51  Spine Crawler  
  88  6:53  Spine Crawler  
  86  7:01  Mutalisk x5  
  73  7:14  Mutalisk x3  
  77  7:29  Mutalisk  
  79  7:34  Mutalisk, Hatchery  
  82  7:38  Overlord  
  82  7:40  Queen  
  82  7:50  Zergling x14  
  89  7:55  Overlord  
  89  7:57  Overlord  
  88  8:02  Overlord  
  79  8:09  Mutalisk  
  75  8:14  Mutalisk  
  77  8:23  Zergling x6  
  80  8:27  Zergling x4  
  80  8:34  Zergling x6  
  74  8:43  Zergling x10  
  73  8:50  Mutalisk x2  
  73  8:54  Zergling x2  
  78  8:57  Zergling x2  
  77  9:06  Mutalisk  
  77  9:07  Mutalisk x2  
  76  9:11  Drone  
  76  9:12  Drone  
  76  9:16  Mutalisk  
  73  9:19  Mutalisk  
  77  9:28  Zergling x8  
  81  9:31  Mutalisk  
  83  9:41  Mutalisk x3  
  83  9:44  Zergling x2  
  79  10:02  Zergling x20  
  87  10:09  Overlord  
  87  10:14  Overlord  
  81  10:17  Mutalisk x2  
  69  10:32  Overseer  
  67  10:37  Mutalisk  
  67  10:40  Zergling x2  
  68  10:46  Zergling x4  
  68  10:49  Zergling x2  
  71  10:57  Mutalisk x2  
  71  11:00  Overseer  
  71  11:03  Zergling x4  
  77  11:09  Mutalisk  
  79  11:13  Mutalisk  
  81  11:20  Mutalisk  
  81  11:26  Zergling x6  
  81  11:30  Overlord  
  84  11:44  Pneumatized Carapace  
  84  11:49  Mutalisk  
  84  11:51  Hatchery  
  85  11:56  Mutalisk  
  85  12:00  Zergling x4  
  85  12:01  Zergling x2  
  90  12:11  Zergling x4  
  92  12:23  Mutalisk x2  
  92  12:29  Overlord  
  96  12:31  Queen  
  98  12:38  Mutalisk  
  98  12:39  Mutalisk  
  102  12:53  Mutalisk  
  102  12:54  Mutalisk  
  102  13:00  Zergling x6  
  105  13:07  Drone x2  
  105  13:11  Zerg Flyer Weapons Level 1  
  107  13:16  Zergling x4  
  109  13:22  Mutalisk  
  109  13:24  Mutalisk  
  113  13:33  Zergling x6  
  114  13:43  Baneling Nest, Drone  
  114  13:46  Zergling x2  
  102  14:06  Zergling x14  
  90  14:20  Mutalisk x2  
  91  14:29  Mutalisk x2  
  95  14:32  Drone  
  96  14:39  Mutalisk  
  89  15:07  Zergling x2  
  89  15:08  Zergling x18  
  67  15:21  Mutalisk x2  
  63  15:24  Drone  
  65  15:36  Mutalisk  
  65  15:47  Drone x4  
  68  15:53  Overseer  
  68  16:00  Drone x2  
  70  16:13  Drone  
  70  16:14  Drone  
  72  16:23  Roach Warren  
  72  16:24  Zerg Missile Weapons Level 1  
  71  16:34  Drone  
  71  16:35  Drone x2  
  71  16:39  Mutalisk  
  72  16:56  Drone x2  
  72  16:59  Zerg Ground Armor Level 1  
  74  17:04  Glial Reconstitution  
  74  17:07  Roach x3  
  80  17:10  Roach  
  82  17:22  Roach x4  
  90  17:26  Roach  
  92  17:44  Roach x7  
  106  17:45  Ravager  
  106  17:48  Ravager x2  
  109  17:52  Roach  
  109  17:54  Overlord  
  109  17:58  Overseer  
  111  17:59  Overseer  
  111  18:00  Ravager  
  112  18:06  Roach x2  
  114  18:21  Roach x6  
  126  18:29  Roach x3  
  127  18:40  Roach x3  
  116  18:51  Roach  
  116  18:52  Roach x2  
  114  18:57  Roach x3  
  110  19:09  Roach x3  
Tags
 
Add a new tag
Caveats
  • Supply blocks, unpowered buildings, or Contaminate may cause inaccurate times.
  • Supply counts are checked every 10 seconds.